 Seeded DCSS version 0.29-a0-557-g43b9904bd1 (webtiles) character file.

Game seed: 696969 (custom seed)

539 Hubjo the Magician (level 7, -3/53 HPs)
             Began as a Demonspawn Transmuter on June 8, 2022.
             Was an Initiate of Makhleb.
             Slain by a hound (4 damage)
             ... on level 5 of the Dungeon.
             The game lasted 00:08:19 (3546 turns).

Hubjo the Magician (Demonspawn Transmuter)          Turns: 3546, Time: 00:08:19

Health: -3/53      AC:  3    Str: 15    XL:     7   Next: 5%
Magic:  12/12      EV: 12    Int: 14    God:    Makhleb [......]
Gold:   721        SH:  0    Dex: 14    Spells: 12/13 levels left

rFire   . . .      SeeInvis +   e - +8 quarterstaff "Rutsog" {drain, rN+ Str+5 Dex-4 SInv}
rCold   + . .      Faith    .   (shield currently unavailable)
rNeg    + . .      Spirit   .   a - +0 robe
rPois   .          Reflect  .   (no helmet)
rElec   .          Harm     .   (no cloak)
rCorr   .          Rampage  +   (no gloves)
Will    .....                   f - -2 pair of boots of Guhacwam {Rampage rC+ Dex+2}
Stlth   ++........              (no amulet)
HPRegen 0.17/turn               (no ring)
MPRegen 0.13/turn               (no ring)

@: mighty, attractive
A: slimy green scales 1, foul stench 1, demonic touch 1
a: Renounce Religion


You were on level 5 of the Dungeon.
You worshipped Makhleb.
Makhleb was noncommittal.
You visited 2 branches of the dungeon, and saw 6 of its levels.

You collected 721 gold pieces.

Inventory:

Hand Weapons
 e - the +8 quarterstaff "Rutsog" (weapon) {drain, rN+ Str+5 Dex-4 SInv}
   (You acquired it on level 1 of the Dungeon)

   A truly terrible weapon, it drains the life of any living foe it strikes.
   Str:       It affects your strength (+5).
   Dex:       It affects your dexterity (-4).
   rN:        It protects you from negative energy.
   SInv:      It lets you see invisible.
Armour
 a - a +0 robe (worn)
 f - the -2 pair of boots of Guhacwam (worn) {Rampage rC+ Dex+2}
   (You acquired it on level 1 of the Dungeon)

   Dex:       It affects your dexterity (+2).
   rC:        It protects you from cold.
   Rampage:   It bestows one free step when moving towards enemies.
 t - +0 gold dragon scales
 w - a +2 helmet
Jewellery
 g - a ring of see invisible
Wands
 n - a wand of iceblast (3)
Scrolls
 c - 2 scrolls of immolation
 d - 2 scrolls of blinking
 i - 2 scrolls of enchant armour
 l - 4 scrolls of teleportation
 q - a scroll of torment {unknown}
 r - a scroll of enchant weapon {unknown}
 u - a scroll of vulnerability {unknown}
Potions
 b - a potion of lignification
 h - a potion of degeneration {unknown}
 o - a potion of might
 s - a potion of brilliance {unknown}
 v - 2 potions of magic


   Skills:
 + Level 3.8 Fighting
 + Level 2.9 Staves
 - Level 1.7 Dodging
 + Level 3.2 Stealth
 - Level 2.8 Unarmed Combat
 + Level 3.8 Spellcasting
 - Level 2.0 Transmutations


You had 12 spell levels left.
You knew the following spells:

 Your Spells              Type           Power      Damage    Failure   Level
a - Beastly Appendage     Tmut           16%        N/A       9%          1

Your spell library contained the following spells:

 Spells                   Type           Power      Damage    Failure   Level
 Wereblood                Tmut           8%         N/A       13%         2
 Apportation              Tloc           4%         N/A       21%         1
 Foxfire                  Conj/Fire      8%         2x1d4     21%         1
 Summon Small Mammal      Summ           8%         N/A       21%         1
 Spider Form              Tmut/Pois      5%         N/A       36%         3
 Call Canine Familiar     Summ           2%         N/A       52%         3
 Conjure Flame            Conj/Fire      2%         6-21      52%         3
 Inner Flame              Hex/Fire       2%         N/A       52%         3
 Summon Guardian Golem    Hex/Summ       2%         N/A       52%         3
 Ice Form                 Ice/Tmut       5%         N/A       78%         4
 Flame Wave               Conj/Fire      2%         2d4       89%         4
 Alistair's Intoxication  Tmut/Pois      3%         N/A       98%         5


Dungeon Overview and Level Annotations

Branches:
Dungeon (5/15)             Temple (1/1) D:4

Altars:
Ashenzari
Dithmenos
Gozag
Hepliaklqana
Kikubaaqudgha
Makhleb
Okawaru
Qazlal
Ru
Sif Muna
Trog
Uskayaw
Vehumet
Wu Jian
Xom
Zin


Innate Abilities, Weirdness & Mutations

You are partially covered in slimy green scales. (AC +2)
You may rarely emit foul miasma when damaged in melee.
Your touch may inflict minor irresistible damage on your foes.


Message History

The gnoll shaman mumbles some strange prayers to its god against you.
You resist with some effort.
A hound comes into view.
The hound barks!
You hear a shout!
You barely miss the hound. The hound barely misses you.
The gnoll hits you from afar with a +1 vampiric spear.
The hound closely misses you.
You hit the hound.
The hound is moderately wounded.
The hound bites you. The gnoll closely misses you.
You sock the hound!
The hound is severely wounded.
The hound closely misses you.
The hound pauses to sniff the ground.
The hound bites you but does no damage.
The gnoll hits you from afar with a +1 vampiric spear.
* * * LOW HITPOINT WARNING * * *
It was a potion of might.
You feel very mighty all of a sudden. The hound bites you but does no damage.
The gnoll barely misses you. The hound barely misses you.
The gnoll hits you with a +1 vampiric spear.
* * * LOW HITPOINT WARNING * * *
You sock the gnoll!
The gnoll is severely wounded.
The hound closely misses you.
The gnoll hits you with a +1 vampiric spear.
* * * LOW HITPOINT WARNING * * *
The gnoll draws strength from your wounds!
The hound bites you but does no damage.
You thump the gnoll!
You kill the gnoll!
Makhleb accepts your kill. The hound closely misses you. The hound bites you.
* * * LOW HITPOINT WARNING * * *
It was a potion of attraction.
You feel attractive to monsters. The hound bites you.
You die... ...g..... .....
Sghg.....

.... g.g......
...# .gs.g.... ...
.g....... .g###+#
.$....... hg##.#
......... #g##.# #
###....... #h##.#
. . ........
#@.#.# .## .
.......g.
##)#.##..#
..........
#.......#
..........
##......#
......###......##
..........>.......
.......##.#....##.
....... #.#....#
....... #.#....#


You could see a gnoll shaman, 2 hounds and 2 gnolls.

Vanquished Creatures
  Sigmund (D:2)
  An ogre (D:3)
  A necrophage (D:4)
  A gnoll shaman (D:5)
  An iguana (D:3)
  Natasha (D:2)
  A gnoll (D:5)
  5 adders
  A worm (D:4)
  A dart slug (D:1)
  2 orcs
  5 bats
  12 endoplasms
  6 giant cockroaches
  13 goblins
  2 hobgoblins
  7 jackals
  11 kobolds
  3 quokkas
  7 ball pythons
  4 frilled lizards
  5 rats
91 creatures vanquished.

Notes
Turn   | Place    | Note
-------+----------+-------------------------------------------
     0 | D:1      | Hubjo the Demonspawn Transmuter began the quest for the
                  | Orb.
     0 | D:1      | Reached XP level 1. HP: 15/15 MP: 3/3
   107 | D:1      | Gained mutation: You may rarely emit foul miasma when
                  | damaged in melee. [demonic ancestry]
   107 | D:1      | Reached XP level 2. HP: 18/21 MP: 3/5
   380 | D:1      | Identified 3 scrolls of acquirement
   380 | D:1      | Acquired 583 gold pieces
   381 | D:1      | Acquired the +8 quarterstaff "Rutsog" {drain, rN+ Str+5
                  | Dex-4 SInv}
   382 | D:1      | Acquired the -2 pair of boots of Guhacwam {Rampage rC+
                  | Dex+2}
   668 | D:1      | Gained mutation: You are partially covered in slimy green
                  | scales. (AC +2) [demonic ancestry]
   668 | D:1      | Reached XP level 3. HP: 18/27 MP: 6/6
   994 | D:2      | Reached skill level 1 in Stealth
  1440 | D:2      | Noticed Sigmund
  1449 | D:2      | Killed Sigmund
  1450 | D:2      | Reached XP level 4. HP: 28/34 MP: 6/8
  1450 | D:2      | Reached XP level 5. HP: 33/40 MP: 6/9
  1536 | D:2      | Noticed Natasha
  1542 | D:2      | Killed Natasha
  1986 | D:3      | Found an iron altar of Okawaru.
  1987 | D:3      | Noticed an ogre
  1998 | D:3      | Killed an ogre
  1999 | D:3      | Gained mutation: Your touch may inflict minor irresistible
                  | damage on your foes. [demonic ancestry]
  1999 | D:3      | Reached XP level 6. HP: 37/47 MP: 9/11
  2198 | D:3      | Found a faded altar of an unknown god.
  2411 | D:3      | Prayed at the altar of an unknown god.
  2411 | D:3      | Became a worshipper of Xom of Chaos
  2412 | D:3      | Fell from the grace of Xom
  2937 | D:4      | Found a staircase to the Ecumenical Temple.
  2981 | Temple   | Entered the Ecumenical Temple
  3169 | Temple   | Became a worshipper of Makhleb the Destroyer
  3460 | D:5      | Entered Level 5 of the Dungeon
  3506 | D:5      | Reached XP level 7. HP: 21/53 MP: 12/12
  3545 | D:5      | HP: 1/53 [hound (4)]
  3546 | D:5      | Slain by a hound

Illustrated notes

Levels and vault maps discovered:
D:1:      minmay_arrival_stair_chambers, layout_basic
D:2:      minmay_recursive_quarters, layout_basic, skrybe_limestone_x,
          uniq_sigmund, uniq_natasha
D:3:      layout_basic, mainiacjoe_overflow_concentric_impassable,
          ebering_ecumenical_altar_sacrificial, columned_hall_lemuel
D:4:      layout_loops_cross, minmay_temple_entry_hall, lightli_corner_chamber
D:5:      layout_basic, lemuel_crystal_altar
Temple:   eino_temple_water

Skill      XL: |  1  2  3  4  5  6 |
---------------+-------------------+-----
Transmutations | 2 |  2.0
Stealth        | 2 3 |  3.2
Fighting       | 2 3 |  3.8
Staves         | 2 |  2.9
Spellcasting   | 3 |  3.8
Dodging        | |  1.7
Unarmed Combat | |  2.8

Action                   |  1- 3 |  4- 6 |  7- 9 || total
-------------------------+-------+-------+-------++-------
Melee: Unarmed           |    24 |       |       ||    24
       Kick              |    10 |     1 |     1 ||    12
       Headbutt          |     6 |     1 |     1 ||     8
       Quarterstaff      |    50 |    73 |     7 ||   130
 Cast: Beastly Appendage |     9 |     8 |       ||    17
Invok: Renounce Religion |       |     1 |       ||     1
  Use: Scroll            |     3 |     6 |       ||     9
       Potion            |       |     2 |     2 ||     4
 Stab: Sleeping          |     1 |     7 |       ||     8
       Distracted        |       |     2 |     1 ||     3
Armor: Robe              |    11 |    23 |     3 ||    37
Dodge: Dodged            |    51 |    46 |     8 ||   105

Table legend: (Time is in decaauts)
 A = Elapsed time spent in this place.
 B = Non-inter-level travel time spent in this place.
 C = Inter-level travel time spent in this place.
 D = Time resting spent in this place.
 E = Time spent auto-exploring this place.
 F = Levels seen in this place.
 G = Mean time per level.
                   A        B        C        D        E       F      G
               +--------+--------+--------+--------+--------+-----+--------+
         Total |   3571 |   3315 |    256 |      0 |   2685 |   6 |  595.2 |
       Dungeon |   3364 |   3130 |    234 |      0 |   2515 |   5 |  672.8 |
        Temple |    206 |    184 |     22 |      0 |    170 |   1 |  206.0 |
               +--------+--------+--------+--------+--------+-----+--------+

Top non-repeatable levels by time:
     D:2: 1086 daAuts
     D:1: 911 daAuts
     D:4: 684 daAuts
     D:3: 594 daAuts
  Temple: 206 daAuts
     D:5: 87 daAuts
